[Event "Titled Tuesday Blitz April 11 Early 2023"]
[White "Bronstein, Or"]
[Black "Harriott, Tyrell"]
[WhiteFideId "2815770"]
[BlackFideId "2086484"]
[WhiteElo "2356"]
[BlackElo "2107"]
[Result "0-1"]
[Round "01"]
[TimeControl "180+2"]
[Date "2023.04.11"]
[WhiteClock "0:00:39"]
[BlackClock "0:01:01"]

1. d4 e6 2. Nf3 d5 3. g3 Bd6 4. Bg2 f5 5. Bf4 Nf6 6. O-O Bxf4 7. gxf4 O-O 8. e3 b6 9. Ne5 Nbd7 10. c4 Nxe5 11. fxe5 Ne4 12. cxd5 exd5 13. Nc3 Ba6 14. Re1 Qh4 15. Qf3 c6 16. Rac1 Rae8 17. Ne2 Re6 18. Ng3 Rh6 19. h3 Ng5 20. Qxf5 Rxf5 21. Nxf5 Nxh3+ 22. Bxh3 Qxh3 23. Nxh6+ Qxh6 24. Rc3 Bd3 25. f3 Qg5+ 26. Kf2 Qh4+ 27. Kg2 Qxe1 28. e6 Kf8 29. Rxc6 Qxe3 0-1


[Site "https://www.chess.com"]

[Event "Titled Tuesday Blitz April 11 Early 2023"]
[White "Mayaud, Raphael"]
[Black "Risteski, Emil"]
[WhiteFideId "627151"]
[BlackFideId "15005267"]
[WhiteElo "2191"]
[BlackElo "2251"]
[Result "0-1"]
[Round "01"]
[TimeControl "180+2"]
[Date "2023.04.11"]
[WhiteClock "0:00:26"]
[BlackClock "0:01:38"]

1. d4 d6 2. e4 Nf6 3. Nc3 e5 4. dxe5 dxe5 5. Qxd8+ Kxd8 6. Bg5 Nd7 7. O-O-O c6 8. Bc4 Ke8 9. f3 Bc5 10. Nge2 Ke7 11. a3 b5 12. Bd3 a5 13. Kb1 h6 14. Bd2 Nb6 15. Ng3 g6 16. Na2 Be6 17. Ne2 h5 18. h3 Nfd7 19. f4 exf4 20. Nxf4 Ne5 21. Nxe6 fxe6 22. Bg5+ Ke8 23. Bf6 Nf7 24. Bxh8 Nxh8 25. Rhf1 Nd7 26. Rf3 Nf7 27. Rdf1 Nfe5 28. Rg3 h4 29. Rg5 Be3 30. Rxe5 Nxe5 31. Nc3 Ke7 32. Nd1 Bc5 33. Nc3 b4 34. Na4 Bd6 35. axb4 axb4 36. b3 Rb8 37. Kb2 g5 38. Ra1 Nxd3+ 39. cxd3 Be5+ 40. Ka2 Bxa1 41. Kxa1 Rf8 42. Nc5 Rf1+ 43. Kb2 Rf2+ 44. Kc1 Rxg2 45. Na6 g4 46. Nxb4 gxh3 47. Nxc6+ Kd6 0-1


[Site "https://www.chess.com"]

[Event "Titled Tuesday Blitz April 11 Early 2023"]
[White "Dronavalli, Harika"]
[Black "Mogirzan, Matei-Valeriu"]
[WhiteFideId "5015197"]
[BlackFideId "1257455"]
[WhiteElo "2432"]
[BlackElo "1733"]
[Result "1-0"]
[Round "01"]
[TimeControl "180+2"]
[Date "2023.04.11"]
[WhiteClock "0:00:19"]
[BlackClock "0:00:02"]

1. e4 e5 2. Nf3 Nf6 3. Nc3 Bc5 4. Bc4 Nc6 5. O-O d6 6. d3 Bg4 7. h3 Bxf3 8. Qxf3 Nd4 9. Qd1 c6 10. a3 b5 11. Ba2 a5 12. Ne2 O-O 13. Nxd4 Bxd4 14. c3 Bc5 15. d4 Bb6 16. Bb1 Re8 17. Re1 Nd7 18. Qg4 exd4 19. Bh6 g6 20. Bg5 Qc8 21. Qg3 Ne5 22. Kh1 dxc3 23. bxc3 Bd8 24. f4 Bxg5 25. Qxg5 Nc4 26. Ba2 Qd8 27. Qg3 Qf6 28. Rad1 d5 29. e5 Qg7 30. a4 b4 31. Bxc4 dxc4 32. Rd4 Rad8 33. Rxc4 b3 34. Rxc6 Rd2 35. Qe3 Red8 36. Rb6 b2 37. Kh2 Qf8 38. Rb1 Qa3 39. e6 Qe7 40. exf7+ Kxf7 41. Qxe7+ Kxe7 42. R6xb2 Rxb2 43. Rxb2 Rd3 44. Rb5 Rxc3 45. Rxa5 Ra3 46. Ra7+ Kf6 47. a5 h5 48. Ra8 Kg7 49. a6 Kh7 50. g4 h4 51. f5 gxf5 52. gxf5 Kg7 53. a7 Ra2+ 54. Kg1 Ra3 55. f6+ Kf7 56. Rh8 Ra1+ 57. Kf2 Ra2+ 58. Ke3 Ra3+ 59. Kd2 Ra2+ 60. Kc1 Ra1+ 61. Kb2 Ra6 62. a8=Q Rb6+ 63. Kc3 1-0


[Site "https://www.chess.com"]

[Event "Titled Tuesday Blitz April 11 Early 2023"]
[White "Derichs, Roger"]
[Black "Tregubov, Pavel V."]
[WhiteFideId "4630076"]
[BlackFideId "4115341"]
[WhiteElo "2359"]
[BlackElo "2425"]
[Result "1/2-1/2"]
[Round "01"]
[TimeControl "180+2"]
[Date "2023.04.11"]
[WhiteClock "0:01:34"]
[BlackClock "0:01:37"]

1. d4 Nf6 2. c4 e6 3. g3 Bb4+ 4. Nd2 O-O 5. Bg2 d5 6. Nf3 dxc4 7. O-O c5 8. Nxc4 cxd4 9. Qxd4 Nc6 10. Qxd8 Rxd8 11. a3 Be7 12. Nce5 Nxe5 13. Nxe5 Nd7 14. Nxd7 Bxd7 15. Bxb7 Rab8 16. Be4 Bf6 17. Rb1 Bb5 18. Bf3 Bc4 19. Be3 a5 20. b4 Ba2 21. Rbd1 axb4 22. Rxd8+ Bxd8 23. axb4 Rxb4 24. Ra1 Rb1+ 25. Rxb1 1/2-1/2


[Site "https://www.chess.com"]

[Event "Titled Tuesday Blitz April 11 Early 2023"]
[White "Iliaguev, Nisim"]
[Black "Mrudul Dehankar"]
[WhiteFideId "2817276"]
[BlackFideId "25096990"]
[WhiteElo "2241"]
[BlackElo "2139"]
[Result "1-0"]
[Round "01"]
[TimeControl "180+2"]
[Date "2023.04.11"]
[WhiteClock "0:00:47"]
[BlackClock "0:00:02"]

1. d4 Nf6 2. Nf3 e6 3. g3 b6 4. Bg2 Bb7 5. O-O Be7 6. c4 O-O 7. d5 exd5 8. Nh4 c6 9. cxd5 Nxd5 10. Nf5 Bf6 11. e4 Nc7 12. Nd6 Ba6 13. Re1 Nb5 14. Nxb5 Bxb5 15. e5 Be7 16. Nc3 Bc4 17. Ne4 Bd5 18. h4 Na6 19. h5 Nc5 20. h6 g6 21. Nc3 Bxg2 22. Kxg2 d5 23. exd6 Qxd6 24. Bf4 Qxd1 25. Raxd1 Ne6 26. Be5 Rfd8 27. Ne4 Rxd1 28. Rxd1 Rd8 29. Rc1 c5 30. Nf6+ Bxf6 31. Bxf6 Rd5 32. g4 Kf8 33. b4 Ke8 34. bxc5 Nxc5 35. Re1+ Ne6 36. Kg3 Kd7 37. f3 Rd3 38. Rc1 Rd2 39. a4 Rd3 40. Rc4 Nc5 41. a5 Ke6 42. g5 Kd5 43. Rf4 Ne6 44. Rb4 Kc5 45. axb6 axb6 46. Ra4 Nd4 47. Ra7 Nxf3 48. Kf4 Nd4 49. Rxf7 Rf3+ 50. Ke4 Kc4 51. Rc7+ Kb3 52. Bxd4 1-0


[Site "https://www.chess.com"]

[Event "Titled Tuesday Blitz April 11 Early 2023"]
[White "Vivas Zamora, Fabian Ernesto"]
[Black "Itgelt, Khuyagtsogt"]
[WhiteFideId "3902480"]
[BlackFideId "4902912"]
[WhiteElo "2262"]
[BlackElo "2227"]
[Result "1-0"]
[Round "01"]
[TimeControl "180+2"]
[Date "2023.04.11"]
[WhiteClock "0:00:08"]
[BlackClock "0:00:16"]

1. e4 e6 2. d4 d6 3. f4 d5 4. e5 c5 5. c3 Bd7 6. Nf3 Qb6 7. a3 Bb5 8. c4 Bxc4 9. Bxc4 dxc4 10. d5 exd5 11. Qxd5 Ne7 12. Qxc4 Qa6 13. Nbd2 Qxc4 14. Nxc4 Nd5 15. O-O Nc6 16. Rd1 Nb6 17. Nd6+ Bxd6 18. Rxd6 O-O 19. b3 Rfd8 20. Be3 Rxd6 21. exd6 Nd7 22. Rc1 b6 23. b4 Re8 24. Bf2 Rc8 25. bxc5 bxc5 26. Bxc5 Na5 27. Be3 Rxc1+ 28. Bxc1 Nc4 29. Kf2 Nxd6 30. Be3 a6 31. Nd2 f6 32. a4 Kf7 33. Ke2 Ke6 34. Kd3 Kd5 35. Nb1 Nc5+ 36. Bxc5 Kxc5 37. Kc3 Ne4+ 38. Kb3 Kd4 39. Kb4 Nc5 40. Nd2 Nd3+ 41. Ka5 Nxf4 42. g3 Nd3 43. Kxa6 Ke3 44. Nc4+ Kf3 45. Kb5 Nf2 46. a5 Ne4 47. a6 Nc3+ 48. Kc6 Kg2 49. a7 Kxh2 50. a8=Q g5 51. Qb7 h5 52. Qh7 Kxg3 53. Qd3+ Kh4 54. Qxc3 g4 55. Nd2 Kg5 56. Ne4+ Kf4 57. Nxf6 h4 58. Nd5+ Kf5 59. Qe3 g3 60. Qf4+ Kg6 61. Qxh4 Kf5 62. Qf4+ Kg6 63. Qxg3+ Kf5 64. Qf4+ Kg6 65. Qf6+ Kh5 66. Qg7 Kh4 67. Ne3 Kh5 68. Kd5 Kh4 69. Qg4# 1-0


[Site "https://www.chess.com"]

[Event "Titled Tuesday Blitz April 11 Early 2023"]
[White "Iskusnyh, Sergei"]
[Black "Peatman, Carter"]
[WhiteFideId "4120027"]
[BlackFideId "2096480"]
[WhiteElo "2492"]
[BlackElo "2003"]
[Result "1-0"]
[Round "01"]
[TimeControl "180+2"]
[Date "2023.04.11"]
[WhiteClock "0:00:22"]
[BlackClock "0:00:05"]

1. d4 d5 2. c4 e6 3. Nf3 Nf6 4. g3 Bb4+ 5. Bd2 Be7 6. Bg2 O-O 7. O-O c6 8. Qc2 Nbd7 9. a3 b6 10. cxd5 cxd5 11. Bb4 Ba6 12. Nc3 Rc8 13. Qa4 Nb8 14. Rfc1 Rc4 15. e3 Bxb4 16. axb4 Qe7 17. Na2 Rfc8 18. Ne5 Rxc1+ 19. Rxc1 Rxc1+ 20. Nxc1 Nfd7 21. b5 Nxe5 22. dxe5 Qc7 23. bxa6 Qxc1+ 24. Bf1 Kf8 25. Qh4 Qc7 26. Qxh7 g6 27. Qh8+ Ke7 28. Qf6+ Kf8 29. Bb5 Nd7 30. Qh8+ Ke7 31. Bxd7 Kxd7 32. Qa8 g5 33. Qb7 Qxb7 34. axb7 Kc7 35. h4 gxh4 36. gxh4 a5 37. h5 a4 38. h6 b5 39. h7 b4 40. h8=Q Kxb7 41. Qe8 1-0


[Site "https://www.chess.com"]

[Event "Titled Tuesday Blitz April 11 Early 2023"]
[White "Klepikov, Nikita"]
[Black "Ingebretsen, Jens E"]
[WhiteFideId "24145220"]
[BlackFideId "1522965"]
[WhiteElo "2025"]
[BlackElo "2213"]
[Result "0-1"]
[Round "01"]
[TimeControl "180+2"]
[Date "2023.04.11"]
[WhiteClock "0:00:04"]
[BlackClock "0:01:19"]

1. e4 e5 2. Nf3 Nc6 3. Bb5 a6 4. Ba4 Nf6 5. Qe2 b5 6. Bb3 Bc5 7. c3 O-O 8. d3 d6 9. Bg5 h6 10. Bh4 Be6 11. Bc2 b4 12. h3 Rb8 13. Ba4 bxc3 14. bxc3 Rb6 15. O-O g5 16. Nxg5 hxg5 17. Bxg5 Kg7 18. Kh2 Rh8 19. f4 Ng4+ 20. Qxg4 Bxg4 21. Bxd8 Nxd8 22. fxe5 dxe5 23. Nd2 Be2 24. Nc4 Bxf1 0-1


[Site "https://www.chess.com"]

[Event "Titled Tuesday Blitz April 11 Early 2023"]
[White "Krysa, Leandro"]
[Black "Liew, Chee-Meng Jimmy"]
[WhiteFideId "116807"]
[BlackFideId "5700019"]
[WhiteElo "2489"]
[BlackElo "2245"]
[Result "0-1"]
[Round "01"]
[TimeControl "180+2"]
[Date "2023.04.11"]
[WhiteClock "0:00:02"]
[BlackClock "0:00:06"]

1. e4 e6 2. d4 d5 3. e5 c5 4. c3 Nc6 5. Nf3 Qb6 6. Bd3 cxd4 7. O-O Bd7 8. Re1 Nge7 9. h4 dxc3 10. Nxc3 a6 11. h5 Qc7 12. Bf4 h6 13. Rc1 Qd8 14. a3 Nc8 15. b4 Be7 16. Bb1 Nb6 17. Qd3 Rc8 18. b5 axb5 19. Nxb5 Nc4 20. Nd6+ Nxd6 21. exd6 Bf6 22. Qxd5 Kf8 23. Qb3 Rb8 24. Be3 Qa5 25. Bb6 Qxh5 26. Bc7 Rc8 27. Qxb7 Nd8 28. Bxd8 Rxd8 29. Rc7 Ba4 30. Rc8 Qb5 31. Rxd8+ Bxd8 32. Qa8 Qd7 33. Ne5 Qxd6 34. Nxf7 Kxf7 35. Qxa4 Bc7 36. g3 Rd8 37. Qc2 Bb8 38. Qg6+ Kf8 39. Be4 Qd2 40. Rf1 Re8 41. Qh7 Qg5 42. Bg6 Rd8 43. Qh8+ Ke7 44. Qxg7+ Kd6 45. Rd1+ Kc6 46. Rxd8 Qxd8 47. Qc3+ Kb7 48. Be4+ Ka7 49. Qe3+ Qb6 50. Qxh6 Bxg3 51. Qg7+ Bc7 52. Qg4 Qd6 53. Qf3 Bb6 54. Kg2 Qxa3 55. Qf7+ Ka6 56. Qxe6 Qc5 0-1


[Site "https://www.chess.com"]

[Event "Titled Tuesday Blitz April 11 Early 2023"]
[White "Jarocka, Liwia"]
[Black "Vysochin, Spartak"]
[WhiteFideId "21807558"]
[BlackFideId "14103516"]
[WhiteElo "2013"]
[BlackElo "2367"]
[Result "0-1"]
[Round "01"]
[TimeControl "180+2"]
[Date "2023.04.11"]
[WhiteClock "0:00:02"]
[BlackClock "0:00:08"]

1. e4 e6 2. c4 d5 3. exd5 exd5 4. cxd5 Nf6 5. Nf3 Nxd5 6. Nc3 Be7 7. d4 O-O 8. Be2 Bg4 9. O-O Nc6 10. h3 Bh5 11. Re1 Bf6 12. Ne4 Bxf3 13. Nxf6+ Nxf6 14. Bxf3 Qxd4 15. Bxc6 Qxd1 16. Rxd1 bxc6 17. Be3 Rfe8 18. Rac1 Re6 19. b3 Nd5 20. Bd4 a5 21. Rc4 f6 22. Rdc1 Ra6 23. g3 Kf7 24. Kf1 Ke7 25. h4 Kd7 26. Bc5 h5 27. Bf8 g5 28. Bc5 g4 29. Bd4 f5 30. Bc3 Re4 31. Bd2 Rxc4 32. Rxc4 Nb6 33. Rc5 Nd5 34. Rxa5 Rb6 35. Rc5 Rb8 36. Rc1 Ra8 37. Ra1 c5 38. a3 Kc6 39. b4 cxb4 40. Rc1+ Kd6 41. axb4 Ra2 42. Ke1 Ke5 43. Rc6 Ke4 44. Re6+ Kd3 45. Kf1 Rxd2 46. Re5 Nxb4 47. Rxf5 Nc2 48. Rxh5 Nd4 0-1


[Site "https://www.chess.com"]

[Event "Titled Tuesday Blitz April 11 Early 2023"]
[White "Karthikeyan, Murali"]
[Black "Fuzesabonyilaci"]
[WhiteFideId "5074452"]
[WhiteElo "2523"]
[BlackElo "2347"]
[Result "1-0"]
[Round "01"]
[TimeControl "180+2"]
[Date "2023.04.11"]
[WhiteClock "0:00:18"]
[BlackClock "0:00:12"]

1. e4 c6 2. d4 d5 3. Nc3 dxe4 4. Nxe4 Nf6 5. Nxf6+ exf6 6. Nf3 Bd6 7. Bd3 O-O 8. O-O Qc7 9. h3 c5 10. c4 cxd4 11. Nxd4 a6 12. Qh5 g6 13. Qf3 Be5 14. Qe3 Nc6 15. Nf3 Bd7 16. Nxe5 fxe5 17. b3 Rfe8 18. Qg3 Nd4 19. Be3 Qc5 20. Rad1 Rad8 21. Bg5 Rc8 22. Rfe1 f5 23. Bf6 Nc6 24. Qg5 Rc7 25. Be2 Qf8 26. Bf3 e4 27. Bh5 Qf7 28. Ba1 Nd8 29. Be2 Ne6 30. Qe3 Ng7 31. Rd6 Bc6 32. Red1 Re6 33. Rd8+ Be8 34. Qf4 Ree7 35. c5 Rxc5 36. Bc4 Rxc4 37. bxc4 Qxc4 38. Qd6 Qf7 39. Qb8 h5 40. h4 Kh7 41. Qf4 Ne6 42. Qe5 Ng7 43. Qc3 Rc7 44. Qxg7+ Qxg7 45. Bxg7 Ba4 46. Be5 Re7 47. Rh8# 1-0


[Site "https://www.chess.com"]

[Event "Titled Tuesday Blitz April 11 Early 2023"]
[White "Balint, Vilmos"]
[Black "Mendez Fortes, Eduardo Jesus"]
[WhiteFideId "718050"]
[BlackFideId "3502376"]
[WhiteElo "2034"]
[BlackElo "2307"]
[Result "1-0"]
[Round "01"]
[TimeControl "180+2"]
[Date "2023.04.11"]
[WhiteClock "0:01:15"]
[BlackClock "0:00:09"]

1. e4 c5 2. Nf3 d6 3. d4 cxd4 4. Bb5+ Nd7 5. Nxd4 a6 6. Bxd7+ Bxd7 7. O-O Nf6 8. Re1 e6 9. c4 Be7 10. b3 O-O 11. Bb2 b5 12. cxb5 axb5 13. Nc3 Qb6 14. Qd3 Rfb8 15. h3 b4 16. Nd1 d5 17. exd5 Nxd5 18. Nf5 exf5 19. Qxd5 Be6 20. Qf3 Rd8 21. Ne3 Qb5 22. Nxf5 Bg5 23. Nxg7 Bd7 24. Nh5 Ra6 25. Re5 Rg6 26. Rxb5 Bxb5 27. Rd1 Re8 28. Nf4 Bxf4 29. Qxf4 Bc6 30. g3 h5 31. Qd4 f6 32. Qc4+ 1-0


[Site "https://www.chess.com"]

[Event "Titled Tuesday Blitz April 11 Early 2023"]
[White "Zhu, Jiner"]
[Black "Matveeva, Olga"]
[WhiteFideId "8608059"]
[BlackFideId "24107018"]
[WhiteElo "2384"]
[BlackElo "2056"]
[Result "1-0"]
[Round "01"]
[TimeControl "180+2"]
[Date "2023.04.11"]
[WhiteClock "0:01:39"]
[BlackClock "0:01:31"]

1. c4 Nf6 2. Nc3 g6 3. e4 d6 4. d4 Bg7 5. Be2 O-O 6. Nf3 e5 7. O-O exd4 8. Nxd4 Re8 9. f3 Nc6 10. Be3 Nh5 11. Re1 Nf4 12. Bf1 f5 13. Nxc6 Nh3+ 14. gxh3 bxc6 15. exf5 Bxf5 16. Qd2 Qh4 17. Qf2 Qh5 18. Rad1 Rab8 19. Bxa7 Rb7 20. Rxe8+ 1-0


[Site "https://www.chess.com"]

[Event "Titled Tuesday Blitz April 11 Early 2023"]
[White "Van Foreest, Machteld"]
[Black "Chernobay, Artem"]
[WhiteFideId "1051563"]
[BlackFideId "4167406"]
[WhiteElo "2018"]
[BlackElo "2474"]
[Result "0-1"]
[Round "01"]
[TimeControl "180+2"]
[Date "2023.04.11"]
[WhiteClock "0:01:05"]
[BlackClock "0:02:06"]

1. e4 c5 2. Nf3 e6 3. d4 cxd4 4. Nxd4 Nf6 5. Nc3 Nc6 6. Nxc6 bxc6 7. e5 Nd5 8. Ne4 Qc7 9. f4 Rb8 10. c4 Bb4+ 11. Ke2 O-O 12. cxd5 cxd5 13. Ng5 f6 14. Nf3 fxe5 15. fxe5 Bc5 16. Be3 Rxb2+ 17. Bd2 Ba6+ 18. Ke1 Qxe5+ 19. Be2 Rxf3 20. gxf3 Bb4 21. f4 Qe4 22. Kf2 Rxd2 0-1


[Site "https://www.chess.com"]

[Event "Titled Tuesday Blitz April 11 Early 2023"]
[White "EREBUNI91"]
[Black "Hoffmann, Asa"]
[BlackFideId "2001470"]
[WhiteElo "2660"]
[BlackElo "2117"]
[Result "1-0"]
[Round "01"]
[TimeControl "180+2"]
[Date "2023.04.11"]
[WhiteClock "0:00:35"]
[BlackClock "0:00:38"]

1. e4 d6 2. d4 Nf6 3. Nc3 c6 4. Nf3 Bg4 5. h3 Bh5 6. Bc4 e6 7. O-O d5 8. exd5 cxd5 9. Bb5+ Nc6 10. Qd3 Bg6 11. Qe2 Bd6 12. Ne5 Bxe5 13. dxe5 Nd7 14. Rd1 O-O 15. f4 Rc8 16. Be3 Qa5 17. a3 a6 18. Bd3 d4 19. Bxg6 fxg6 20. Bxd4 Nxd4 21. Rxd4 Qb6 22. Qf2 Qxb2 23. Rb1 Qxc3 24. Rxd7 b5 25. a4 g5 26. Qa7 Qc5+ 27. Qxc5 Rxc5 28. axb5 axb5 29. Ra1 Kh8 30. Raa7 Rg8 31. f5 exf5 32. e6 Re5 33. e7 h6 34. Rd8 1-0


[Site "https://www.chess.com"]

[Event "Titled Tuesday Blitz April 11 Early 2023"]
[White "Bogaudinov, Rushan"]
[Black "Kvaloy, Aksel Bu"]
[WhiteFideId "4129288"]
[BlackFideId "1528815"]
[WhiteElo "1967"]
[BlackElo "2208"]
[Result "1-0"]
[Round "01"]
[TimeControl "180+2"]
[Date "2023.04.11"]
[WhiteClock "0:00:12"]
[BlackClock "0:00:35"]

1. d4 Nf6 2. Nf3 e6 3. g3 d5 4. Bg2 c5 5. O-O cxd4 6. Nxd4 e5 7. Nb3 Nc6 8. Bg5 Be7 9. Bxf6 Bxf6 10. Qxd5 Qe7 11. Qc5 Qxc5 12. Nxc5 Be7 13. Nb3 O-O 14. Nc3 Bf5 15. e4 Be6 16. Nd5 Rac8 17. c3 Rfd8 18. Rad1 f6 19. Bf3 Bf8 20. Kg2 Kf7 21. Rd2 a5 22. a4 Ne7 23. Rfd1 Nxd5 24. exd5 Bf5 25. Nxa5 Rd7 26. h3 Rc5 27. Nb3 Rc4 28. Be2 Rxa4 29. Bb5 Ra2 30. g4 Rxd5 31. Rxd5 Be4+ 32. Kg3 Bxd5 33. Rxd5 Rxb2 34. Bc4 Ke8 35. Kf3 Rc2 36. Rd3 Ba3 37. Bd5 b5 38. Nd2 Ke7 39. Bg8 h6 40. h4 g6 41. Ke4 Bb2 42. Bb3 Rxc3 43. Rxc3 Bxc3 44. Kd3 Bd4 45. f3 h5 46. gxh5 gxh5 47. Ke2 f5 48. Nf1 Kf6 49. Ng3 Kg6 50. Bc2 b4 51. Bxf5+ Kf6 52. Bc2 e4 53. fxe4 Ke5 54. Kf3 Bc3 55. Nxh5 Be1 56. Kg4 b3 57. Bxb3 Kxe4 58. Ng3+ Ke5 59. h5 Bd2 60. Bc2 Kf6 61. Ne4+ Kg7 62. Nxd2 Kh6 63. Nf3 Kg7 64. Kg5 Kh8 65. Nh4 Kg7 66. Ng6 Kh7 67. h6 Kg8 68. Kh5 Kh7 69. Bd3 Kg8 70. Be4 Kh7 71. Bf5 Kg8 72. Nf4 Kh8 73. Kg6 Kg8 74. Nh3 Kh8 75. Ng5 Kg8 76. Be6+ Kh8 77. Nf7+ Kg8 78. h7+ Kf8 79. h8=Q+ Ke7 80. Qf6+ Kf8 81. Ne5+ Ke8 82. Qf7+ Kd8 83. Qd7# 1-0


[Site "https://www.chess.com"]

[Event "Titled Tuesday Blitz April 11 Early 2023"]
[White "Arifarsky"]
[Black "Ovezdurdyyeva, Jemal"]
[BlackFideId "14001888"]
[WhiteElo "2658"]
[BlackElo "2043"]
[Result "1-0"]
[Round "01"]
[TimeControl "180+2"]
[Date "2023.04.11"]
[WhiteClock "0:00:43"]
[BlackClock "0:00:08"]

1. e4 d6 2. d4 Nf6 3. Nc3 g6 4. Bc4 c6 5. a4 Bg7 6. Qe2 O-O 7. Nf3 Nbd7 8. e5 Nd5 9. O-O Nxc3 10. bxc3 dxe5 11. dxe5 e6 12. Re1 Rb8 13. Bg5 Qc7 14. h4 Re8 15. h5 a6 16. a5 h6 17. hxg6 fxg6 18. Bd2 Nf8 19. Qe4 Bd7 20. Qh4 g5 21. Qh5 Re7 22. Bd3 Be8 23. Qg4 Bg6 24. Bxg6 Nxg6 25. Qe4 Nf8 26. Be3 c5 27. Ra4 Rd8 28. Rc4 Qxa5 29. Bxc5 Red7 30. Bd6 b5 31. Rc6 Ng6 32. Qxg6 1-0


[Site "https://www.chess.com"]

[Event "Titled Tuesday Blitz April 11 Early 2023"]
[White "Garrido, Denis"]
[Black "Di Nicolantonio, Lucas"]
[WhiteFideId "601217"]
[BlackFideId "680460"]
[WhiteElo "2327"]
[BlackElo "2358"]
[Result "0-1"]
[Round "01"]
[TimeControl "180+2"]
[Date "2023.04.11"]
[WhiteClock "0:00:36"]
[BlackClock "0:01:04"]

1. Nf3 g6 2. d4 Bg7 3. c4 d6 4. Nc3 f5 5. e4 fxe4 6. Nxe4 Nc6 7. d5 Ne5 8. Nxe5 Bxe5 9. Bd3 Nf6 10. Nxf6+ Bxf6 11. O-O O-O 12. Qc2 c6 13. Bh6 Rf7 14. Rae1 Bd7 15. Re3 cxd5 16. Rg3 Bg7 17. Bxg7 Rxg7 18. cxd5 Qb6 19. Re3 Rf8 20. Qe2 Rff7 21. Re1 Qd4 22. Bc4 Bg4 23. Qd3 Qxb2 24. Rb1 Qxf2+ 25. Kh1 Bf5 0-1


[Site "https://www.chess.com"]

[Event "Titled Tuesday Blitz April 11 Early 2023"]
[White "polandchessplayer"]
[Black "Andrews, Todd"]
[BlackFideId "2012456"]
[WhiteElo "2653"]
[BlackElo "2326"]
[Result "1/2-1/2"]
[Round "01"]
[TimeControl "180+2"]
[Date "2023.04.11"]
[WhiteClock "0:00:06"]
[BlackClock "0:00:08"]

1. c4 Nf6 2. Nf3 g6 3. g3 Bg7 4. Bg2 O-O 5. O-O d6 6. d4 Nbd7 7. Nc3 e5 8. dxe5 dxe5 9. Bg5 c6 10. Qd6 h6 11. Be3 Re8 12. Rfd1 Qe7 13. Qxe7 Rxe7 14. Nd2 Ng4 15. Nde4 Nxe3 16. fxe3 f5 17. Nd6 Nc5 18. Rd2 Be6 19. b4 e4 20. Rc1 Na6 21. a3 Rd8 22. Ndxe4 Rxd2 23. Nxd2 Rd7 24. Ncb1 Nc7 25. Kf2 a5 26. Nb3 axb4 27. axb4 Re7 28. Nd4 Bd7 29. Nd2 g5 30. N2b3 Na6 31. b5 Nb4 32. bxc6 bxc6 33. Nxc6 Bxc6 34. Bf1 h5 35. Nd4 Be8 36. Nxf5 Rf7 37. e4 Bd7 38. g4 hxg4 39. Kg3 Bxf5 40. exf5 Rxf5 41. Kxg4 Rc5 42. Bg2 Kf7 43. e3 Nd3 44. Bd5+ Ke7 45. Rf1 Ne5+ 46. Kh5 Nxc4 47. Rf7+ Kd6 48. Bxc4 g4+ 49. Kh4 Rxc4 50. Rxg7 Re4 51. Rxg4 Rxe3 52. Rf4 Ke6 53. Rf1 Re2 54. h3 Re4+ 55. Kg5 Re5+ 56. Kh6 Re4 57. Kh5 Re5+ 58. Kg4 Re4+ 59. Kg5 Re5+ 60. Kg6 Re4 61. Rh1 Rh4 62. Kg5 Rh8 63. h4 Kf7 64. Rf1+ Kg7 65. Rb1 Rd8 66. Rb7+ Kh8 67. Rb6 Kg7 68. Rb7+ Kh8 69. Rb6 Kg7 70. Rb5 Kh7 71. h5 Kg7 72. Ra5 Kh7 73. Rf5 Kg7 74. h6+ Kh7 75. Rf7+ Kh8 76. Rf6 Kh7 77. Rf7+ Kh8 78. Re7 Kg8 79. Kg6 Rd6+ 80. Kg5 Rd8 81. Re6 Kh7 82. Re7+ Kg8 1/2-1/2


[Site "https://www.chess.com"]

[Event "Titled Tuesday Blitz April 11 Early 2023"]
[White "Kornyukov, Alexey"]
[Black "Souleidis, Georgios"]
[WhiteFideId "4150457"]
[BlackFideId "4206827"]
[WhiteElo "2352"]
[BlackElo "2401"]
[Result "0-1"]
[Round "01"]
[TimeControl "180+2"]
[Date "2023.04.11"]
[WhiteClock "0:00:23"]
[BlackClock "0:00:25"]

1. e4 c5 2. Nf3 e6 3. c3 d5 4. exd5 exd5 5. d4 Nf6 6. Bb5+ Bd7 7. Bxd7+ Nbxd7 8. O-O Be7 9. dxc5 Nxc5 10. b4 Nce4 11. Qa4+ Qd7 12. Qxd7+ Nxd7 13. Be3 O-O 14. Rd1 Ndf6 15. Bd4 Rfc8 16. Nfd2 a5 17. Nxe4 Nxe4 18. f3 Nf6 19. a3 axb4 20. cxb4 Rc2 21. Nc3 Rc8 22. Rac1 Rxc1 23. Rxc1 Rc4 24. Be5 Nd7 25. Bg3 Bf6 26. Be1 b5 27. Bd2 Bxc3 28. Rxc3 Nb6 29. Rxc4 Nxc4 30. Bc1 d4 31. Kf2 d3 32. Ke1 f5 33. f4 Kf7 34. h3 Ke6 35. g4 g6 36. g5 Kd5 37. h4 Ke4 38. Bd2 Nxa3 39. Kd1 Nc4 40. Bc1 Kf3 41. Ke1 Kg4 42. Kd1 Kxh4 0-1


[Site "https://www.chess.com"]

[Event "Titled Tuesday Blitz April 11 Early 2023"]
[White "Grunberg, Mihai-Lucian"]
[Black "Rodriguez Santiago, Jaime"]
[WhiteFideId "1204149"]
[BlackFideId "3100898"]
[WhiteElo "2363"]
[BlackElo "2025"]
[Result "0-1"]
[Round "01"]
[TimeControl "180+2"]
[Date "2023.04.11"]
[WhiteClock "0:00:03"]
[BlackClock "0:00:18"]

1. d4 Nf6 2. c4 e6 3. Nf3 d5 4. g3 dxc4 5. Qa4+ Bd7 6. Qxc4 c5 7. Bg2 Nc6 8. O-O b5 9. Qd3 c4 10. Qd1 Rc8 11. a4 a6 12. axb5 axb5 13. Na3 Bxa3 14. Rxa3 O-O 15. Bf4 b4 16. Ra4 Nd5 17. Bd6 Nce7 18. Ra7 c3 19. bxc3 bxc3 20. Ne5 c2 21. Qd2 Bb5 22. Bc5 Re8 23. Rc1 f6 24. Nd3 Nc6 25. Ra2 Bxd3 26. exd3 Nde7 27. Qe3 Nf5 28. Qe4 Nfxd4 29. Bh3 f5 30. Qe3 Qd5 31. Raxc2 Nxc2 32. Rxc2 Ne5 33. Bg2 Qxd3 34. Qxe5 Qxc2 35. Bd4 Re7 36. h4 Rd8 37. Bf3 Qc8 38. h5 Qd7 39. Bc3 Qd6 40. Qe3 Qd3 41. Qe5 Qd6 42. Qxd6 Rxd6 43. Bb4 Rdd7 44. Bxe7 Rxe7 45. Kg2 Kf7 46. g4 fxg4 47. Bxg4 Kf6 48. Kg3 e5 49. f3 Kg5 50. Kf2 Kf4 51. Bh3 e4 52. fxe4 Rxe4 53. Bg2 Re5 54. Bf3 Ra5 55. Bd1 Ra2+ 56. Ke1 Kg5 57. Bb3 Rh2 58. Bf7 Kf6 59. Be8 Rh4 60. Kf2 Re4 61. Bc6 Re5 62. Bf3 Kg5 63. Kg3 Rf5 64. Be2 Rc5 65. Bd3 Rc3 0-1


[Site "https://www.chess.com"]

[Event "Titled Tuesday Blitz April 11 Early 2023"]
[White "Arat, Ufuk Sezen"]
[Black "Belozerov, Andrei"]
[WhiteFideId "6309089"]
[BlackFideId "4120213"]
[WhiteElo "2289"]
[BlackElo "2373"]
[Result "0-1"]
[Round "01"]
[TimeControl "180+2"]
[Date "2023.04.11"]
[WhiteClock "0:00:02"]
[BlackClock "0:00:24"]

1. e4 c5 2. Nf3 Nc6 3. d4 cxd4 4. Nxd4 g6 5. c4 Nf6 6. Nc3 d6 7. Be2 Bg7 8. Be3 O-O 9. f3 Bd7 10. Qd2 Nxd4 11. Bxd4 a5 12. O-O Bc6 13. b3 Nd7 14. Be3 Nc5 15. Rab1 Qb6 16. Rfc1 Rfc8 17. Kh1 Qb4 18. Nd5 Bxd5 19. cxd5 Qxd2 20. Bxd2 a4 21. b4 Nb3 22. Rd1 Nxd2 23. Rxd2 Rc3 24. h4 Rac8 25. b5 b6 26. Bd1 a3 27. Bb3 Be5 28. g4 Rxf3 29. Rc2 Rxc2 30. Bxc2 Rh3+ 31. Kg1 Rxh4 32. Rb3 Bd4+ 33. Kg2 Bc5 34. Kg3 Rh1 35. Rc3 Re1 36. Rc4 Kg7 37. Bb3 Re3+ 38. Kg2 Kf6 39. Ra4 Kg5 40. Ra7 Rxe4 41. Ra8 Kxg4 42. Rh8 h5 43. Rf8 Rf4 44. Bd1+ Kg5 45. Bf3 h4 46. Re8 h3+ 47. Kg3 h2 48. Bh1 Rf2 49. Rxe7 Rxa2 50. Re4 f5 51. Ra4 Rb2 52. Ra8 a2 53. Ra6 Rb1 54. Kg2 0-1


[Site "https://www.chess.com"]